 Dungeon Crawl Stone Soup version 0.19.4-9-g45fd643 (webtiles) character file.

17351 JNO the Fighter (level 12, -4/112 HPs)
             Began as a Minotaur Fighter on Feb 16, 2017.
             Was a Believer of Makhleb.
             Killed from afar by a hell knight (9 damage)
             ... with a bolt of fire
             ... on level 4 of the Lair of Beasts.
             The game lasted 01:07:06 (13132 turns).

JNO the Fighter (Minotaur Fighter)                 Turns: 13132, Time: 01:07:07

Health: -4/112     AC:  9    Str: 28    XL:     12   Next: 18%
Magic:  18/18      EV: 10    Int:  5    God:    Makhleb [**....]
Gold:   846        SH:  0    Dex: 10    Spells: 0 memorised, 11 levels left

rFire  + . .     SeeInvis .     a - +2 trident
rCold  . . .     Gourm    .     z - +0 leather armour {rF+}
rNeg   . . .     Faith    .     c - +3 shield
rPois  .         Spirit   .     (helmet restricted)
rElec  .         Reflect  .     m - +0 cloak
rCorr  .         Harm     .     o - +0 pair of gloves
MR     .....                    J - +0 pair of boots
Stlth  ..........               j - amulet of rage
                                (no ring)
                                (no ring)

@: confused, very slightly contaminated
A: retaliatory headbutt, horns 2, high mp 1, shaggy fur 1, strong 1
a: Minor Destruction, Renounce Religion, Evoke Berserk Rage


You were on level 4 of the Lair of Beasts.
You worshipped Makhleb.
Makhleb was pleased with you.
You were not hungry.

You visited 3 branches of the dungeon, and saw 13 of its levels.
You also visited: Volcano.

You collected 846 gold pieces.

Inventory:

Hand Weapons
 a - a +2 trident (weapon)
 b - a +0 shortbow
Missiles
 A - 195 arrows
 M - 6 exploding tomahawks (quivered)
Armour
 c - a +3 shield (worn)
 m - a +0 cloak (worn)
 o - a +0 pair of gloves (worn)
 v - a +0 chain mail
 z - a +0 leather armour of fire resistance (worn)
 J - a +0 pair of boots (worn)
Jewellery
 j - an amulet of rage (around neck)
Wands
 g - a wand of enslavement (4/24)
 n - a wand of flame (20/48)
 r - a wand of paralysis (11/24)
 w - a wand of polymorph (10/24)
Scrolls
 h - 2 scrolls of recharging {unknown}
 s - a scroll of immolation {unknown}
 t - 2 scrolls of remove curse
 y - a scroll of teleportation
 G - a scroll of amnesia
 H - a scroll of vulnerability {unknown}
 K - a scroll of magic mapping {unknown}
 N - 4 scrolls of identify
Potions
 d - 2 potions of might
 i - a potion of flight
 p - a potion of brilliance {unknown}
 u - a potion of haste
 x - a potion of cure mutation
 B - a potion of lignification
 E - a potion of ambrosia
 L - a potion of invisibility {unknown}
 O - a potion of agility
Comestibles
 f - 3 bread rations
 k - 7 royal jellies
 q - 5 meat rations
 F - 3 slices of pizza
 I - 5 fruits


   Skills:
 + Level 12.0 Fighting
 + Level 11.5 Polearms
 + Level 10.9 Armour
 + Level 9.7 Shields
 - Level 5.1 Invocations
 - Level 7.2 Evocations


You had 11 spell levels left.
You didn't know any spells.

Dungeon Overview and Level Annotations

Branches:
Dungeon (8/15)             Temple (1/1) D:7            Lair (4/6) D:8
  Snake (0/4) Lair:2
  Swamp: Lair:2-4    Shoals: Lair:2-4

Altars:
Ashenzari
Cheibriados
Dithmenos
Elyvilon
Fedhas
Gozag
Hepliaklqana
Kikubaaqudgha
Makhleb
Nemelex Xobeh
Okawaru
Qazlal
Ru
Sif Muna
Trog
Uskayaw
Vehumet
Xom
Yredelemnul
Zin
The Shining One


Innate Abilities, Weirdness & Mutations

You reflexively headbutt those who attack you in melee.
You have a pair of horns on your head.
You have an increased reservoir of magic. (+10% MP)
You are covered in fur. (AC +1)
Your muscles are strong. (Str +2)


Message History

Here: a hell knight, wielding a flail of flaming and wearing a chain mail of fire resistance The floor.
Okay, then.
You are confused.
You feel invigorated. The hell knight barely misses you.
Unknown command.
You puncture the hell knight!
The hell knight is lightly wounded.
You closely miss the hell knight. You headbutt the hell knight.
The hell knight is lightly wounded.
The hell knight casts a spell at you. Pain shoots through your body!
* * * LOW HITPOINT WARNING * * *
Unknown command.
You hit the hell knight.
You headbutt the hell knight, but do no damage.
The hell knight is lightly wounded.
The hell knight gestures at you while chanting.
The bolt of fire hits you! You resist.
You die...

#..........####
##........)#..#
#............####.
#.......≈#........
#.......§...#≈....
#.......#≈..≈§....
.....#..≈..§§#...
...≈≈..#.##.....
..#.≈≈p@...#...
......#.#......
....#..§..#....
...$..#.≈≈. ...
.........#≈. .. #
##. ....... . ##
.... ..# ..#... ##


You could see a hell knight.

Vanquished Creatures
  2 hydras
  A death yak (Lair:3)
  The ghost of North the Covert, a journeyman SpEn of Dithmenos (Volcano)
  Pikel (D:6)
  2 black mambas
  4 spiny frogs
  A torpor snail (Lair:2)
  6 komodo dragons
  2 rime drakes
  A queen bee (D:8)
  3 blink frogs (Lair:1)
  Grinder (D:3)
  2 dream sheep (Lair:2)
  4 hippogriffs
  2 nagas (Lair:2)
  Sigmund (D:4)
  A wyvern (D:8)
  5 fire bats (Volcano)
  Eustachio (D:6)
  10 yaks
  Edmund (D:6)
  6 water moccasins
  6 porcupines
  An orc warrior (D:8)
  A sky beast (D:7)
  2 phantoms (D:5)
  3 ogres
  4 wolves (D:8)
  8 crocodiles
  4 centaurs
  6 bullfrogs
  A scorpion (D:8)
  15 killer bees (D:8)
  2 howler monkeys
  4 wights (D:7)
  5 hounds
  5 orc wizards
  5 orc priests
  2 bullfrog skeletons
  Ijyb (D:3)
  An iguana (D:8)
  8 worker ants
  A hound skeleton (D:4)
  2 howler monkey skeletons
  10 adders
  3 shadow imps
  3 oozes
  An adder skeleton (D:5)
  2 worms
  3 leopard geckos
  20 orcs
  2 ball pythons
  4 giant cockroaches
  7 goblins
  11 hobgoblins
  2 jackals (D:1)
  10 kobolds
  2 quokkas
  4 bats
  6 frilled lizards
  A leopard gecko skeleton (D:8)
  A quokka skeleton (D:6)
  9 rats
  A fungus (D:8)
247 creatures vanquished.

Vanquished Creatures (collateral kills)
  A naga (Lair:2)
  2 lava snakes (Volcano)
3 creatures vanquished.

Vanquished Creatures (others)
  A naga (Lair:2)
  A slave (D:6)
  A hound skeleton (D:6)
  An adder skeleton (D:6)
  3 orcs (D:6)
  2 fungi (Lair:2)
9 creatures vanquished.

Grand Total: 259 creatures vanquished

Notes
Turn   | Place    | Note
-------+----------+-------------------------------------------
     0 | D:1      | JNO the Minotaur Fighter began the quest for the Orb.
     0 | D:1      | Reached XP level 1. HP: 19/19 MP: 0/0
    43 | D:1      | Reached XP level 2. HP: 21/27 MP: 1/1
   217 | D:1      | Reached skill level 4 in Fighting
   391 | D:1      | Reached XP level 3. HP: 33/33 MP: 2/2
  1178 | D:2      | Found a hide-covered altar of Uskayaw.
  1753 | D:2      | Reached XP level 4. HP: 40/41 MP: 3/3
  2005 | D:3      | Noticed Ijyb
  2021 | D:3      | Killed Ijyb
  2044 | D:3      | Noticed Grinder
  2060 | D:3      | Killed Grinder
  2060 | D:3      | Reached skill level 5 in Fighting
  2060 | D:3      | Reached skill level 5 in Armour
  2060 | D:3      | Reached skill level 5 in Shields
  2060 | D:3      | Reached XP level 5. HP: 48/48 MP: 4/4
  2060 | D:3      | Reached XP level 6. HP: 56/56 MP: 5/5
  2519 | D:4      | Reached skill level 1 in Evocations
  2539 | D:4      | Noticed Sigmund
  2555 | D:4      | Killed Sigmund
  2555 | D:4      | Reached skill level 5 in Polearms
  2555 | D:4      | Reached XP level 7. HP: 61/61 MP: 5/7
  3293 | D:5      | Entered Level 5 of the Dungeon
  4336 | D:6      | Reached XP level 8. HP: 62/68 MP: 9/9
  4541 | D:6      | Noticed Pikel
  4574 | D:6      | Killed Pikel
  4763 | D:6      | Noticed Edmund
  4771 | D:6      | Killed Edmund
  5078 | D:6      | Reached skill level 6 in Fighting
  5078 | D:6      | Reached skill level 5 in Evocations
  5078 | D:6      | Reached XP level 9. HP: 60/75 MP: 11/11
  5241 | D:6      | Gained mutation: You are covered in fur. (AC +1) [potion of mutation]
  5241 | D:6      | Gained mutation: You have an increased reservoir of magic. (+10% MP) [potion of mutation]
  5241 | D:6      | Gained mutation: Your muscles are strong. (Str +2) [potion of mutation]
  5359 | D:6      | Noticed Eustachio
  5371 | D:6      | Killed Eustachio
  5763 | D:7      | Reached skill level 7 in Fighting
  5872 | D:7      | Found a staircase to the Ecumenical Temple.
  5877 | D:7      | Found a deep blue altar of Sif Muna.
  5878 | D:7      | Found a basalt altar of Yredelemnul.
  5882 | D:7      | Found a stormy altar of Qazlal.
  5882 | D:7      | Found an ancient bone altar of Kikubaaqudgha.
  5925 | Temple   | Entered the Ecumenical Temple
  6210 | Temple   | Became a worshipper of Makhleb the Destroyer
  6266 | D:7      | Found a hazy altar of Hepliaklqana.
  6453 | D:7      | Reached skill level 1 in Invocations
  6574 | D:8      | Found a sparkling altar of Nemelex Xobeh.
  6772 | D:8      | Found a bloodstained altar of Trog.
  6902 | D:8      | Found a staircase to the Lair.
  7127 | D:8      | Reached XP level 10. HP: 70/86 MP: 15/15
  7320 | D:8      | Reached * piety under Makhleb
  8347 | Lair:1   | Entered Level 1 of the Lair of Beasts
  8361 | Lair:1   | Reached skill level 8 in Fighting
  8361 | Lair:1   | Reached skill level 5 in Invocations
  8678 | Lair:1   | Noticed a spiny frog
  8689 | Lair:1   | Killed a spiny frog
  8951 | Lair:1   | Noticed a black mamba
  8967 | Lair:1   | Killed a black mamba
  9235 | Lair:1   | Reached skill level 9 in Fighting
  9853 | Lair:2   | Reached skill level 10 in Polearms
  9996 | Lair:2   | Reached XP level 11. HP: 97/97 MP: 17/17
 10284 | Lair:2   | Found a staircase to the Snake Pit.
 10960 | Lair:2   | Reached skill level 10 in Fighting
 10996 | Lair:2   | Reached skill level 10 in Armour
 11079 | Lair:2   | Reached ** piety under Makhleb
 11359 | Lair:3   | Noticed an eight-headed hydra
 12071 | Lair:3   | Noticed a seven-headed hydra
 12077 | Lair:3   | Killed a seven-headed hydra
 12077 | Lair:3   | Reached skill level 11 in Fighting
 12416 | Lair:3   | Noticed a death yak
 12442 | Lair:3   | Killed a death yak
 12877 | Lair:4   | Noticed a four-headed hydra
 12879 | Lair:4   | Reached XP level 12. HP: 104/111 MP: 18/18
 12891 | Lair:4   | Killed a four-headed hydra
 12896 | Lair:4   | Found a dark tunnel.
 12905 | Volcano  | Entered a volcano
 12992 | Volcano  | Noticed North's ghost (journeyman SpEn)
 13014 | Volcano  | Killed North's ghost
 13117 | Volcano  | Found a bloodstained altar of Trog.
 13121 | Volcano  | HP: 5/112 [hell knight/flail of flaming (18)]
 13121 | Volcano  | HP: 2/112 [hell knight/flail of flaming (3)]
 13122 | Volcano  | Reached skill level 12 in Fighting
 13131 | Lair:4   | HP: 2/112 [hell knight/nerve-wracking pain (12)]
 13132 | Lair:4   | Killed from afar by a hell knight

Skill      XL: |  1  2  3  4  5  6  7  8  9 10 11 12 |
---------------+-------------------------------------+-----
Fighting       | 4 5 6 7 9 11 12 | 12.0
Armour         | 4 5 6 7 8 9 10 | 10.9
Shields        | 4 5 7 9 |  9.7
Polearms       | 3 4 5 6 8 9 10 11 | 11.5
Evocations     | 1 3 5 7 |  7.2
Invocations    | 4 5 |  5.1

Action                   |  1- 3 |  4- 6 |  7- 9 | 10-12 || total
-------------------------+-------+-------+-------+-------++-------
Melee: Trident           |   114 |    99 |   353 |   528 ||  1094
       Headbutt          |    14 |    10 |    49 |   105 ||   178
 Abil: Evoke Berserk Rag |     1 |     3 |     6 |     5 ||    15
Evoke: Wand              |       |       |       |     8 ||     8
  Use: Scroll            |       |    10 |    13 |     4 ||    27
       Potion            |       |       |     1 |    10 ||    11
  Eat: Chunk             |     4 |     4 |     9 |     4 ||    21
       Pizza             |       |       |     1 |       ||     1
       Meat ration       |       |       |     1 |     2 ||     3
       Beef jerky        |       |       |     1 |     2 ||     3
       Bread ration      |       |       |     1 |     2 ||     3
Armor: Scale mail        |    44 |    28 |       |       ||    72
       Chain mail        |       |     8 |   125 |   145 ||   278
       Leather armour    |       |       |     3 |    20 ||    23
       Skin              |       |       |       |     3 ||     3
Dodge: Dodged            |    29 |    17 |    52 |   117 ||   215
Block: Shield            |    35 |    27 |   140 |   314 ||   516
